3AAA
GRYFINDOR BRAVES @ SALT LAKE CITY BUZZ
08/07/2024
 
TOP OF THE 1ST
Gryfindor Braves batting - Pitching for Salt Lake City Buzz : RHP Russ Horne
Pitching: RHP Russ Horne
Batting: LHB Micheal Garren 0-0: Fly out, F9 (Flyball, 89M)
Batting: LHB Dave Lee 0-0: Called Strike
0-1: Ball
1-1: Swinging Strike
1-2: Foul Ball, location: 2F
1-2: SINGLE (Groundball, 34D)
Batting: RHB Turner Coleman 0-0: Ground out 3-1 (Groundball, 34)
Dave Lee to second
Batting: LHB Michael Smith 0-0: Called Strike
0-1: Ball
1-1: Called Strike
1-2: Strikes out swinging
Top of the 1st over - 0 run(s), 1 hit(s), 0 error(s), 1 left on base; Gryfindor 0 - Salt Lake City 0
BOTTOM OF THE 1ST
Salt Lake City Buzz batting - Pitching for Gryfindor Braves : RHP Don Cunningham
Pitching: RHP Don Cunningham
Batting: RHB Carlos López 0-0: Ball
1-0: Called Strike
1-1: Swinging Strike
1-2: Ball
2-2: Strikes out looking
Batting: SHB Carlton Reed 0-0: Ground out 1-3 (Groundball, 13S)
Batting: LHB Ramón Félix 0-0: Fly out, F5 (Popup, 13S)
Bottom of the 1st over - 0 run(s), 0 hit(s), 0 error(s), 0 left on base; Gryfindor 0 - Salt Lake City 0
TOP OF THE 2ND
Gryfindor Braves batting - Pitching for Salt Lake City Buzz : RHP Russ Horne
Batting: SHB Arturo Romero 0-0: Ball
1-0: Swinging Strike
1-1: Foul Ball, location: 2F
1-2: Ball
2-2: Ball
3-2: Foul Ball, location: 2F
3-2: Fly out, F9 (Flyball, 9S)
Batting: LHB Jack Schmitt 0-0: Foul Ball, location: 2F
0-1: Ball
1-1: Ball
2-1: Ball
3-1: Base on Balls
Batting: SHB Emílio Gonzáles 0-0: Called Strike
0-1: Swinging Strike
0-2: Ball
1-2: Fielders Choice at 2nd, 4-6 (Groundball, 4)
Batting: RHB Jim Unknown 0-0: Ball
1-0: Called Strike
1-1: Called Strike
1-2: Strikes out looking
Top of the 2nd over - 0 run(s), 0 hit(s), 0 error(s), 1 left on base; Gryfindor 0 - Salt Lake City 0
BOTTOM OF THE 2ND
Salt Lake City Buzz batting - Pitching for Gryfindor Braves : RHP Don Cunningham
Batting: RHB Curt Kenney 0-0: Ball
1-0: Ball
2-0: Foul Ball, location: 2F
2-1: Foul Ball, location: 2F
2-2: Fly out, F9 (Flyball, 9D)
Batting: LHB Ángel Aguilar 0-0: Ball
1-0: SINGLE (Flyball, 4MD)
Batting: RHB Andrew Hall 0-0: Ball
1-0: Foul Ball, location: 2F
1-1: Swinging Strike
1-2: Foul Ball, location: 2F
1-2: SINGLE (Groundball, 56)
Ángel Aguilar to second
Batting: RHB Roger Lakes 0-0: Ball
1-0: Ball
2-0: Ball
3-0: Called Strike
3-1: Base on Balls
Ángel Aguilar to third
Andrew Hall to second
Batting: RHB Patrick Clark 0-0: Ball
1-0: Fly out, F7 (Flyball, 7D)
Runner from 3rd tags up, SCORES, no throw
Andrew Hall to third
Batting: RHB Alan Rosales 0-0: DOUBLE (Flyball, 9LM)
Andrew Hall scores
Roger Lakes to third
Batting: RHB Carlos López 0-0: Called Strike
0-1: Called Strike
0-2: Foul Ball, location: 2F
0-2: Foul Ball, location: 2F
0-2: Ball
1-2: SINGLE (Groundball, 5D)
Roger Lakes scores
Alan Rosales to third
Runner from 3rd tries for Home, SAFE, no throw or cutoff
Batting: SHB Carlton Reed 0-0: Called Strike
Carlos López steals 2nd base
0-1: Ball
1-1: Ball
2-1: Called Strike
2-2: Strikes out swinging
Bottom of the 2nd over - 4 run(s), 4 hit(s), 0 error(s), 1 left on base; Gryfindor 0 - Salt Lake City 4
TOP OF THE 3RD
Gryfindor Braves batting - Pitching for Salt Lake City Buzz : RHP Russ Horne
Batting: RHB Jim Unknown 0-0: Swinging Strike
0-1: Foul Ball, location: 2F
0-2: Ball
1-2: Ball
2-2: SINGLE (Groundball, 4M)
Batting: LHB Micheal Garren 0-0: Fielders Choice at 2nd, 3-6 (Groundball, 34)
Batting: LHB Dave Lee 0-0: Ball
1-0: Ball
2-0: Ball
3-0: Base on Balls
Micheal Garren to second
Batting: RHB Turner Coleman 0-0: Ball
Micheal Garren steals 3rd base
Dave Lee to second
1-0: Ball
2-0: Ball
3-0: Called Strike
3-1: Foul Ball, location: 2F
3-2: Foul Ball, location: 2F
3-2: Fly out, F7 (Flyball, 7D)
Runner from 3rd tags up, SCORES, no throw
Batting: LHB Michael Smith 0-0: Ball
1-0: Reached on error, E4 (Groundball, 34)
Dave Lee to third
Batting: SHB Arturo Romero 0-0: Ball
1-0: Fly out, F1 (Line Drive, 13)
Top of the 3rd over - 1 run(s), 1 hit(s), 1 error(s), 2 left on base; Gryfindor 1 - Salt Lake City 4
BOTTOM OF THE 3RD
Salt Lake City Buzz batting - Pitching for Gryfindor Braves : RHP Don Cunningham
Batting: LHB Ramón Félix 0-0: DOUBLE (Line Drive, 89XD)
Batting: RHB Curt Kenney 0-0: Called Strike
0-1: Foul Ball, location: 2F
0-2: Ball
1-2: Strikes out looking
Batting: LHB Ángel Aguilar 0-0: Ball
1-0: Called Strike
1-1: Called Strike
1-2: Ball
2-2: Foul Ball, location: 2F
2-2: Ground out 4-3 (Groundball, 4)
Ramón Félix to third
Batting: RHB Andrew Hall 0-0: Ball
1-0: Ball
2-0: Ball
3-0: Base on Balls
Batting: RHB Roger Lakes 0-0: Ball
1-0: Called Strike
1-1: Ball
2-1: Ball
3-1: Base on Balls
Andrew Hall to second
Batting: RHB Patrick Clark 0-0: Ball
1-0: Foul Ball, location: 2F
1-1: Ball
2-1: Ground out 1-3 (Groundball, 25)
Bottom of the 3rd over - 0 run(s), 1 hit(s), 0 error(s), 3 left on base; Gryfindor 1 - Salt Lake City 4
TOP OF THE 4TH
Gryfindor Braves batting - Pitching for Salt Lake City Buzz : RHP Russ Horne
Batting: LHB Jack Schmitt 0-0: Ball
1-0: Called Strike
1-1: Ground out 3-1 (Groundball, 34)
Batting: SHB Emílio Gonzáles 0-0: Called Strike
0-1: Ball
1-1: Swinging Strike
1-2: Reached on error, E4 (Groundball, 34)
Batting: RHB Jim Unknown 0-0: Called Strike
0-1: Swinging Strike
0-2: Ball
1-2: Ball
2-2: SINGLE (Groundball, 6MD)
Emílio Gonzáles to second
Runner from 2nd tries for 3rd, SAFE, no throw or cutoff
Batting: RHB Jim Unknown 0-0: Ball
1-0: Grounds into double play, 6-4-3 (Groundball, 6)
Top of the 4th over - 0 run(s), 1 hit(s), 1 error(s), 1 left on base; Gryfindor 1 - Salt Lake City 4
BOTTOM OF THE 4TH
Salt Lake City Buzz batting - Pitching for Gryfindor Braves : RHP Don Cunningham
Batting: RHB Alan Rosales 0-0: Ball
1-0: Ball
2-0: Fly out, F3 (Popup, 3SF)
Batting: RHB Carlos López 0-0: Called Strike
0-1: Ball
1-1: Ball
2-1: Ball
3-1: Foul Ball, location: 2F
3-2: Base on Balls
Batting: SHB Carlton Reed 0-0: Called Strike
0-1: Ball
1-1: Called Strike
1-2: Ball
2-2: Foul Ball, location: 2F
2-2: Fielders Choice at 2nd, 4-6 (Groundball, 34)
Batting: LHB Ramón Félix 0-0: Fly out, F6 (Popup, 6MD)
Bottom of the 4th over - 0 run(s), 0 hit(s), 0 error(s), 1 left on base; Gryfindor 1 - Salt Lake City 4
TOP OF THE 5TH
Gryfindor Braves batting - Pitching for Salt Lake City Buzz : RHP Russ Horne
Batting: LHB Micheal Garren 0-0: Called Strike
0-1: Fly out, F7 (Line Drive, 7M)
Batting: LHB Dave Lee 0-0: Ball
1-0: Foul Ball, location: 2F
1-1: Ground out U3 (Groundball, 3S)
Batting: RHB Turner Coleman 0-0: Ground out 6-3 (Groundball, 6)
Top of the 5th over - 0 run(s), 0 hit(s), 0 error(s), 0 left on base; Gryfindor 1 - Salt Lake City 4
BOTTOM OF THE 5TH
Salt Lake City Buzz batting - Pitching for Gryfindor Braves : RHP Don Cunningham
Batting: RHB Curt Kenney 0-0: Ball
1-0: Ball
2-0: Ball
3-0: Called Strike
3-1: Base on Balls
Batting: LHB Ángel Aguilar 0-0: Foul Ball, location: 2F
0-1: Ball
1-1: Ball
2-1: Fly out, F5 (Popup, 56S)
Batting: RHB Andrew Hall 0-0: Swinging Strike
0-1: SINGLE (Line Drive, 7S)
Curt Kenney to second
Batting: RHB Roger Lakes 0-0: Foul Ball, location: 2F
0-1: Ball
1-1: Foul Ball, location: 2F
1-2: Fly out, F9 (Flyball, 9LS)
Batting: RHB Patrick Clark 0-0: SINGLE (Line Drive, 4M)
Curt Kenney to third
Andrew Hall to second
Batting: RHB Alan Rosales 0-0: Foul Ball, location: 2F
0-1: Foul Ball, location: 2F
0-2: Ground out 6-3 (Groundball, 6)
Bottom of the 5th over - 0 run(s), 2 hit(s), 0 error(s), 3 left on base; Gryfindor 1 - Salt Lake City 4
TOP OF THE 6TH
Gryfindor Braves batting - Pitching for Salt Lake City Buzz : RHP Russ Horne
Batting: LHB Michael Smith 0-0: Foul Ball, location: 2F
0-1: Ball
1-1: Called Strike
1-2: Foul Ball, location: 2F
1-2: Strikes out looking
Batting: SHB Arturo Romero 0-0: Foul Ball, location: 2F
0-1: Foul Ball, location: 2F
0-2: Fly out, F9 (Flyball, 89M)
Batting: LHB Jack Schmitt 0-0: Ball
1-0: Ball
2-0: Swinging Strike
2-1: Ball
3-1: Fly out, F9 (Flyball, 9D)
Top of the 6th over - 0 run(s), 0 hit(s), 0 error(s), 0 left on base; Gryfindor 1 - Salt Lake City 4
BOTTOM OF THE 6TH
Salt Lake City Buzz batting - Pitching for Gryfindor Braves : RHP Don Cunningham
Pitching: RHP Juan Cantú
Batting: RHB Carlos López 0-0: SOLO HOME RUN (Flyball, 7D), Distance : 411 ft
Batting: SHB Carlton Reed 0-0: Ground out 4-3 (Groundball, 4)
Batting: LHB Ramón Félix 0-0: Called Strike
0-1: Called Strike
0-2: Foul Ball, location: 2F
0-2: Ball
1-2: Ground out 4-3 (Groundball, 4)
Batting: RHB Curt Kenney 0-0: Called Strike
0-1: Ball
1-1: Swinging Strike
1-2: Foul Ball, location: 2F
1-2: Ground out 6-3 (Groundball, 6)
Bottom of the 6th over - 1 run(s), 1 hit(s), 0 error(s), 0 left on base; Gryfindor 1 - Salt Lake City 5
TOP OF THE 7TH
Gryfindor Braves batting - Pitching for Salt Lake City Buzz : RHP Russ Horne
Batting: SHB Emílio Gonzáles 0-0: Ground out 6-3 (Groundball, 6)
Batting: RHB Jim Unknown 0-0: Ball
1-0: Called Strike
1-1: Called Strike
1-2: Foul Ball, location: 2F
1-2: Ground out 6-3 (Groundball, 6)
Batting: RHB Jim Unknown 0-0: Swinging Strike
0-1: Fly out, F9 (Flyball, 9LM)
Top of the 7th over - 0 run(s), 0 hit(s), 0 error(s), 0 left on base; Gryfindor 1 - Salt Lake City 5
BOTTOM OF THE 7TH
Salt Lake City Buzz batting - Pitching for Gryfindor Braves : RHP Juan Cantú
Batting: LHB Ángel Aguilar 0-0: Ball
1-0: Called Strike
1-1: SINGLE (Groundball, 13) (infield hit)
Batting: RHB Andrew Hall 0-0: Bunted foul
0-1: Bunted foul
0-2: Ball
1-2: Fly out, F2 (Popup, 2LF)
Batting: RHB Roger Lakes 0-0: Ball
1-0: Ball
2-0: SINGLE (Flyball, 8LS)
Ángel Aguilar to second
Batting: RHB Patrick Clark 0-0: Called Strike
0-1: Called Strike
0-2: Ball
1-2: Ball
2-2: Foul Ball, location: 2F
2-2: Foul Ball, location: 2F
2-2: Ball
3-2: SINGLE (Groundball, 56D)
Ángel Aguilar to third
Roger Lakes to second
Ángel Aguilar scores
Roger Lakes to third
Batting: RHB Alan Rosales 0-0: Ball
1-0: Ball
2-0: Ball
3-0: Base on Balls
Patrick Clark to second
Batting: RHB Carlos López 0-0: Foul Ball, location: 2F
0-1: Grounds into double play, 5-4-3 (Groundball, 5)
Bottom of the 7th over - 1 run(s), 3 hit(s), 0 error(s), 2 left on base; Gryfindor 1 - Salt Lake City 6
TOP OF THE 8TH
Gryfindor Braves batting - Pitching for Salt Lake City Buzz : RHP Russ Horne
Now at 2B: Shelby Reusch
Batting: LHB Micheal Garren 0-0: Ball
1-0: Called Strike
1-1: Fly out, F2 (Popup, 25F)
Batting: LHB Dave Lee 0-0: DOUBLE (Flyball, 9LS)
Batting: RHB Turner Coleman 0-0: Fly out, F9 (Flyball, 9D)
Runner from 2nd tags up, SAFE at 3rd, no throw
Batting: LHB Michael Smith 0-0: Ball
1-0: Called Strike
1-1: Ball
2-1: Swinging Strike
2-2: 2-RUN HOME RUN (Flyball, 9D), Distance : 403 ft
Batting: SHB Arturo Romero 0-0: Called Strike
0-1: Swinging Strike
0-2: Ball
1-2: Ground out 4-3 (Groundball, 4)
Top of the 8th over - 2 run(s), 2 hit(s), 0 error(s), 0 left on base; Gryfindor 3 - Salt Lake City 6
BOTTOM OF THE 8TH
Salt Lake City Buzz batting - Pitching for Gryfindor Braves : RHP Juan Cantú
Batting: SHB Carlton Reed 0-0: Ball
1-0: Foul Ball, location: 2F
1-1: Ball
2-1: Ball
3-1: Ground out 6-3 (Groundball, 6)
Batting: LHB Ramón Félix 0-0: Ball
1-0: Ball
2-0: DOUBLE (Line Drive, 9LD) - OUT at third base trying to stretch hit.
Batting: RHB Curt Kenney 0-0: Ball
1-0: Ball
2-0: Fly out, F6 (Line Drive, 6)
Bottom of the 8th over - 0 run(s), 1 hit(s), 0 error(s), 0 left on base; Gryfindor 3 - Salt Lake City 6
TOP OF THE 9TH
Gryfindor Braves batting - Pitching for Salt Lake City Buzz : RHP Russ Horne
Pitching: LHP Sjaak Bonne
Batting: LHB Jack Schmitt 0-0: Swinging Strike
0-1: Foul Ball, location: 2F
0-2: Foul Ball, location: 2F
0-2: Strikes out looking
Batting: SHB Emílio Gonzáles 0-0: Called Strike
0-1: Ball
1-1: Foul Ball, location: 2F
1-2: Ball
2-2: Ground out 5-3 (Groundball, 5)
Batting: RHB Jim Unknown 0-0: SINGLE (Line Drive, 6MD)
Batting: RHB Jim Unknown 0-0: Called Strike
0-1: Foul Ball, location: 2F
0-2: Ball
1-2: Foul Ball, location: 2F
1-2: Fly out, F2 (Popup, 2RF)
Top of the 9th over - 0 run(s), 1 hit(s), 0 error(s), 1 left on base; Gryfindor 3 - Salt Lake City 6
This league is powered by Out of the Park Baseball, the baseball management simulation game for PC, Mac and Linux
Monday, October 3rd, 2016 - OOTP Baseball 16.9 Build 39